 Dungeon Crawl Stone Soup version 0.28.0-53-g5a82cb258f (webtiles) character file.

Game seed: 13035457230403768719

61 Sin92 the Skirmisher (level 3, 0/29 HPs)
             Began as a Demonspawn Fighter on June 12, 2022.
             Succumbed to a hobgoblin's poison
             ... on level 2 of the Dungeon.
             The game lasted 00:01:27 (1310 turns).

Sin92 the Skirmisher (Demonspawn Fighter)           Turns: 1310, Time: 00:01:28

Health: 0/29       AC: 11    Str: 16    XL:     3   Next: 83%
Magic:  3/3        EV:  6    Int:  9    God:
Gold:   46         SH:  5    Dex: 14    Spells: 2/2 levels left

rFire   . . .      SeeInvis .   a - +0 war axe
rCold   . . .      Faith    .   c - +0 buckler
rNeg    . . .      Spirit   .   j - +0 chain mail
rPois   .          Reflect  .   (no helmet)
rElec   .          Harm     .   (no cloak)
rCorr   .          Rampage  .   (no gloves)
Will    .....                   (no boots)
Stlth   ..........              (no amulet)
HPRegen 0.09/turn               (no ring)
MPRegen 0.08/turn               (no ring)

@: lethally poisoned (0 -> -5), weak-willed
A: thin metallic scales 1
a: no special abilities


You were on level 2 of the Dungeon.
You visited 1 branch of the dungeon, and saw 2 of its levels.

You collected 46 gold pieces.

Inventory:

Hand Weapons
 a - a +0 war axe (weapon)
Armour
 b - a +0 scale mail
 c - a +0 buckler (worn)
 j - a +0 chain mail (worn)
Scrolls
 f - a scroll of immolation {unknown}
Potions
 d - a potion of might
 e - 2 potions of curing {unknown}
 g - a potion of degeneration {unknown}
 i - a potion of heal wounds {unknown}


   Skills:
 + Level 3.5 Fighting
 + Level 2.4 Axes
 + Level 3.1 Armour
 + Level 3.2 Shields


You had 2 spell levels left.
You didn't know any spells.
Your spell library was empty.

Dungeon Overview and Level Annotations

Branches:
Dungeon (2/15)

Altars:
Elyvilon

Annotations:
D:2 Robin


Innate Abilities, Weirdness & Mutations

You are partially covered in thin metallic scales. (AC +2)


Message History

You slash the adder!
You kill the adder!
You hit the hobgoblin but do no damage.
You feel sick.
The hobgoblin throws a poisoned dart.
The poisoned dart hits you!
You are lethally poisoned!
The hobgoblin hits you but does no damage.
Unknown command.
You closely miss the hobgoblin. You barely miss the hobgoblin.
You feel very sick.
The hobgoblin barely misses you. x2; The hobgoblin hits you.
* * * LOW HITPOINT WARNING * * *
Unknown command.
You are too injured to fight recklessly!
Unknown command.
You are too injured to fight recklessly!
Unknown command.
You are too injured to fight recklessly!
You closely miss the hobgoblin. You hit the hobgoblin.
* * * LOW HITPOINT WARNING * * *
You feel very sick.
The hobgoblin hits you but does no damage. x2
A goblin comes into view. It is wielding a +0 club.
Unknown command.
The goblin shouts!
You slash the hobgoblin!
You kill the hobgoblin!
You hit the hobgoblin but do no damage.
* * * LOW HITPOINT WARNING * * *
You feel very sick.
The goblin no longer looks unusually strong.
The hobgoblin no longer looks unusually strong.
The goblin no longer looks unusually strong.
The hobgoblin hits you but does no damage.
Robin's horned helmet rattles.
Robin roars a battlecry!
The goblins go into a battle-frenzy!
The hobgoblin hits you but does no damage.
You closely miss the goblin. You hit the hobgoblin.
You kill the hobgoblin!
You die...

.#.....#.......###
##..........†....#
#.....##..)...#.#
#.##.###......#.#
##....# #......#.###
##.#### ##.##......#
.#.# #.###..##.###..
...# #.###..##gggg.!
...# ..#...)@g# #...#
.##....)†# ...>... #.
#......# ......# #.
#.......#
...................#
.....................
........####.....(.#..
... #.......#.. ...


You could see Robin, a hobgoblin (strong) and 3 goblins.

Vanquished Creatures
  2 adders (D:2)
  A worm (D:2)
  2 endoplasms (D:1)
  A giant cockroach (D:1)
  5 goblins
  4 hobgoblins
  2 jackals (D:1)
  4 quokkas (D:1)
  3 ball pythons (D:1)
  4 bats
  4 frilled lizards (D:1)
  4 kobolds
  4 rats
40 creatures vanquished.

Notes
Turn   | Place    | Note
-------+----------+-------------------------------------------
     0 | D:1      | Sin92 the Demonspawn Fighter began the quest for the Orb.
     0 | D:1      | Reached XP level 1. HP: 18/18 MP: 1/1
   176 | D:1      | Gained mutation: You are partially covered in thin metallic
                  | scales. (AC +2) [demonic ancestry]
   176 | D:1      | Reached XP level 2. HP: 24/24 MP: 2/2
   830 | D:1      | Reached XP level 3. HP: 22/29 MP: 3/3
  1235 | D:2      | Found a faded altar of an unknown god.
  1298 | D:2      | Noticed Robin
  1309 | D:2      | HP: 1/29 [poisoned by a hobgoblin]
  1310 | D:2      | Succumbed to a hobgoblin's poison

Illustrated notes

Levels and vault maps discovered:
D:1:      wander_arrival_abandoned_jail, layout_loops_cross,
          hangedman_decor_growths
D:2:      layout_rooms, hellmonk_ecumenical_altar_crossroads, basic_altar,
          serial_shops, nicolae_lakefront_shop, feat_on_display, uniq_robin,
          uniq_jessica

Skill      XL: |  1  2 |
---------------+-------+-----
Axes           | 2 |  2.4
Armour         | 3 |  3.1
Shields        | 3 |  3.2
Fighting       | |  3.5

Action                   || total
-------------------------++-------
Melee: War axe           ||   102
  Use: Scroll            ||     1
Armor: Scale mail        ||    62
       Chain mail        ||    16
Dodge: Dodged            ||    51
Block: Buckler           ||    30
